 Dungeon Crawl Stone Soup version 0.31-a0-240-gb923e448b6 (webtiles) character file.

Game seed: 7701422305055386671

75968 Nattfarinn the Mimic (level 15, -6/77 HPs)
             Began as a Vine Stalker Shapeshifter on July 12, 2023.
             Was a Follower of Uskayaw.
             Mangled by a red ugly thing (17 damage)
             ... on level 14 of the Dungeon.
             The game lasted 00:37:58 (16720 turns).

Nattfarinn the Mimic (Vine Stalker Shapeshifter)   Turns: 16720, Time: 00:37:59

Health: -6/77      AC: 14    Str: 28    XL:     15   Next: 51%
Magic:  0/28       EV: 12    Int:  8    God:    Uskayaw [*.....]
Gold:   705        SH: 15    Dex: 15    Spells: 31/31 levels left

rFire   . .          .
                       - Unarmed
rCold   + . .        s - +1 kite shield of the Endless Allies {-Cast rC+ Str+3 Stlth+}
rNeg    + . .        r - +6 scale mail "Waucsell" {rCorr}
rPois   .            (helmet currently unavailable)
rElec   +            (cloak currently unavailable)
rCorr   +            (gloves currently unavailable)
SInv    .            (boots currently unavailable)
Will    ++...        f - amulet of regeneration
Stlth   +            F - ring of the Octopus King {Wiz HP+2 AC+2 EV+2 SH+2}
HPRegen 1.92/turn    V - ring "Ifrah" {rElec rN+ Will+}
MPRegen 0.21/turn

%: no spellcasting, guardian spirit, wizardry (x1)
@: about to teleport, beast-form
A: beast (slay +7), fangs 3, regeneration 1, magic shield, antimagic bite, no
potion heal 2
a: Renounce Religion, Stomp


You were on level 14 of the Dungeon.
You worshipped Uskayaw.
Uskayaw was aware of your devotion.
You were a hulking beast.
You visited 3 branches of the dungeon, and saw 21 of its levels.
You also visited: Sewer.

You collected 2227 gold pieces.
You spent 1522 gold pieces at shops.

Inventory:

Armour
 p - the +4 Cigotuvi's embrace {Corpsefed rMiasma Drain rN+}
   (You found it on level 5 of the Lair of Beasts)

   Corpsefed: It gathers nearby corpses to temporarily increase the armour it
   provides.
   rMiasma:   It protects you from foul pestilence.
   rN:        It protects you from negative energy.
   Drain:     It drains your maximum health when unequipped.
 q - a +1 hat of see invisible
 r - the +6 scale mail "Waucsell" (worn) {rCorr}
   (You took it off a kobold on level 2 of the Dungeon)

   rCorr:     It protects you from acid and corrosion.
 s - the +1 kite shield of the Endless Allies (worn) {-Cast rC+ Str+3 Stlth+}
   (You acquired it on level 9 of the Dungeon)

   Str:       It affects your strength (+3).
   rC:        It protects you from cold.
   -Cast:     It prevents spellcasting.
   Stlth:     It makes you more stealthy.
 x - a +0 cloak
 y - a +1 pair of gloves of stealth
 L - a +0 crystal plate armour
 Q - a +2 helmet
Jewellery
 a - a +6 ring of dexterity
 f - an amulet of regeneration (around neck)
 n - a ring of magical power
 A - an amulet of faith
 F - a ring of the Octopus King (left hand) {Wiz HP+2 AC+2 EV+2 SH+2}
   (You found it on level 13 of the Dungeon)

   [ring of wizardry]

   It improves your spell success rate.
   AC:        It affects your AC (+2).
   EV:        It affects your evasion (+2).
   HP:        It affects your health (+2).
   SH:        It affects your SH (+2).
 G - a ring of willpower
 H - a ring of wizardry
 J - an amulet of magic regeneration
 T - the ring "Roapu" {rF+ rN+ Int-4 Slay+2}
   (You bought it in a shop on level 1 of the Orcish Mines)

   [ring of protection from fire]

   Int:       It affects your intelligence (-4).
   Slay:      It affects your accuracy & damage with ranged weapons and melee
   (+2).
   rF:        It protects you from fire.
   rN:        It protects you from negative energy.
 V - the ring "Ifrah" (right hand) {rElec rN+ Will+}
   (You bought it in a shop on level 2 of the Orcish Mines)

   [ring of willpower]

   rElec:     It insulates you from electricity.
   rN:        It protects you from negative energy.
   Will:      It increases your willpower.
 W - a ring of see invisible
 Z - a ring of resist corrosion
Talismans
 c - a beast talisman
 O - a maw talisman
Wands
 k - a wand of flame (14)
 w - a wand of light (2)
 B - a wand of charming (21)
 D - a wand of roots (23)
 I - a wand of polymorph (7)
Scrolls
 d - 6 scrolls of amnesia
 g - 3 scrolls of fear
 i - 8 scrolls of teleportation
 j - 3 scrolls of enchant weapon
 t - a scroll of revelation
 v - 2 scrolls of fog
 C - a scroll of summoning
 K - a scroll of poison
 N - 3 scrolls of brand weapon
 P - 3 scrolls of enchant armour
 R - a scroll of silence
 S - 6 scrolls of identify
Potions
 b - 2 potions of lignification
 e - 8 potions of curing
 h - 6 potions of haste
 l - 2 potions of brilliance
 m - 3 potions of enlightenment
 o - a potion of mutation
 u - 4 potions of berserk rage
 z - 3 potions of cancellation
 E - 3 potions of ambrosia
 M - 4 potions of invisibility
 X - 3 potions of resistance
 Y - 2 potions of might


   Skills:
 - Level 7.5 Fighting
 - Level 1.2 Armour
 - Level 1.5 Dodging
 - Level 12.7 Shields
 - Level 11.5 Unarmed Combat
 - Level 8.9 Spellcasting
 + Level 8.4 Invocations
 - Level 13.0 Shapeshifting


You had 31 spell levels left.
You didn't know any spells.
Your spell library contained the following spells:

 Spells                   Type           Power      Damage    Failure   Level
 Magic Dart               Conj           12%        1d3       24%         1
 Searing Ray              Conj           6%         2d4       32%         2
 Call Canine Familiar     Summ           3%         N/A       54%         3
 Dazzling Flash           Conj/Hex       6%         N/A       54%         3
 Ignite Poison            Fire/Tmut/Pois 3%         N/A       54%         3
 Portal Projectile        Hex/Tloc       6%         N/A       54%         3
 Stone Arrow              Conj/Erth      6%         3d7       54%         3
 Tukima's Dance           Hex            3%         N/A       54%         3
 Animate Armour           Summ/Erth      6%         N/A       90%         4
 Fulminant Prism          Conj/Hex       1%         3d5       90%         4
 Iskenderun's Mystic Bla  Conj/Tloc      3%         2d3       90%         4
 Leda's Liquefaction      Hex/Erth       1%         N/A       90%         4
 Passage of Golubria      Tloc           3%         N/A       90%         4
 Sticky Flame             Conj/Fire      3%         2d3       90%         4
 Agony                    Necr           3%         N/A       99%         5
 Alistair's Intoxication  Tmut/Pois      2%         N/A       99%         5
 Borgnjor's Vile Clutch   Necr/Erth      1%         N/A       99%         5
 Silence                  Hex/Air        1%         N/A       99%         5
 Yara's Violent Unravell  Hex/Tmut       1%         3d3       99%         5
 Eringya's Noxious Bog    Tmut/Pois      1%         4d6       100%        6
 Ignition                 Fire           1%         3d3       100%        8
 Lehudib's Crystal Spear  Conj/Erth      1%         10d2      100%        8


Dungeon Overview and Level Annotations

Branches:
Dungeon (14/15)            Temple (0/1) D:7            Lair (5/5) D:8
  Swamp (0/4) Lair:3        Snake (0/4) Lair:3        Slime (0/5) Lair:4
    Orc (2/2) D:10            Elf (0/3) Orc:2        Vaults (0/5) D:13
  Sewer (visited)

Altars:
Elyvilon
Fedhas
Kikubaaqudgha
Okawaru
Sif Muna
Uskayaw
Vehumet
Wu Jian
Yredelemnul
The Shining One

Shops:
Orc:1 !**(   Orc:2 ?!=:*:*=*


Innate Abilities, Weirdness & Mutations

You are a hulking beast.
Your limbs bulge with bestial killing power. (Slay +7)
You have razor-sharp teeth.
Your natural rate of healing is unusually fast.
When hurt, damage is shared between your health and your magic reserves.
Your bite disrupts and absorbs the magic of your enemies.
Potions cannot restore your health.


Message History

The skeletal warrior is almost destroyed.
You block the skeletal warrior's attack.
The skeletal warrior hits you from afar with a +0 glaive!
Unknown command.
You hit the skeletal warrior. You bite the skeletal warrior.
You destroy the skeletal warrior!
You block the skeletal warrior's attack.
The green ugly thing basks in the mutagenic energy from its kin and changes!
You barely miss the red ugly thing. You bite the red ugly thing.
You drain its power.
You feel invigorated.
The red ugly thing is lightly wounded.
The skeletal warrior hits you from afar with a +0 glaive!
You barely miss the red ugly thing.
The red ugly thing is lightly wounded.
You block the red ugly thing's attack. The skeletal warrior barely misses you.
Unknown command.
You pummel the red ugly thing!! You bite the red ugly thing.
You drain its power.
You feel invigorated.
The red ugly thing is moderately wounded.
The cyan ugly thing stings you! The cyan ugly thing shocks you. You resist.
The red ugly thing stings you.
You are engulfed in flames!!
* * * LOW HITPOINT WARNING * * *
Uskayaw will force your foes to helplessly watch your dance.
Uskayaw prepares the audience for your solo!
Blink to where?
Press: ? - help, Dir - move target
As you read the scroll of blinking, it crumbles to dust.
The red ugly thing is no longer paralysed.
You block the red ugly thing's attack.
The cyan ugly thing basks in the mutagenic energy from its kin and changes!
You can no longer pass through a line of other dancers.
The red ugly thing attacks as you move away!
The red ugly thing stings you!
You are engulfed in flames!!
* * * LOW HITPOINT WARNING * * *
The red ugly thing barely misses you.
As you read the scroll of teleportation, it crumbles to dust.
You feel strangely unstable. The red ugly thing stings you!
* * * LOW HITPOINT WARNING * * *
You are engulfed in flames!!
You die... #####.....##)## zu.

#....###zz####.....
##.u.z###.....uu....
#.###...................
#.......z......#........
######uz######..........
##.# ##......... #u#
##......... #h#
#.......... ###.##
##...#......
#....####...##......
##..#..##...##......
#.##........#......
#.##....#..........
#.##....##.........
#......####........
#......###.##......


You could see 3 ugly things and 2 skeletal warriors.

Vanquished Creatures
  A fire dragon (Lair:1)
  Josephine (Lair:5)
  An ice dragon (D:13)
  4 ogre magi (Orc:2)
  5 hydras
  3 catoblepae
  20 two-headed ogres
  3 boulder beetles
  Urug (Lair:1)
  Nergalle (Lair:1)
  4 skeletal warriors (D:14)
  A goliath frog (Lair:5)
  4 skysharks (Lair:5)
  Pikel (D:9)
  A lindwurm (Lair:5)
  An orc knight (Orc:1)
  A deep elf pyromancer (D:12)
  A necromancer (D:13)
  An ugly thing (D:12)
  2 orc sorcerers
  3 manticores
  14 elephants
  A black mamba (shapeshifter) (D:13)
  8 black mambas
  4 gargoyles
  A rime drake (Lair:3)
  An unseen horror (D:10)
  13 cane toads
  2 unseen horror zombies (D:9)
  6 komodo dragons
  Psyche (D:10)
  11 trolls
  A troll (shapeshifter) (D:14)
  A tyrant leech (Lair:5)
  20 blink frogs
  Sigmund (D:2)
  9 slime creatures
  A shadow (D:10)
  3 wyverns
  15 wraiths
  4 basilisks
  A vampire (D:12)
  27 yaks
  8 vampire mosquitoes
  A steam dragon (D:8)
  3 acid dragons
  17 water moccasins
  14 orc warriors
  Pargi (Sewer)
  4 wolves (Lair:4)
  25 ogres
  7 centaurs
  3 lemures (D:9)
  3 kobold brigands
  17 bullfrogs
  2 necrophages (D:9)
  4 scorpions
  2 wights (D:9)
  12 killer bees (D:9)
  5 electric eels
  5 howler monkeys
  3 lava snakes (Lair:1)
  3 hounds
  14 orc priests
  A gnoll bouda (D:7)
  3 jellies
  A human zombie (D:9)
  3 iguanas
  26 orc wizards
  2 mummies (D:9)
  3 howler monkey zombies (D:9)
  9 adders
  16 gnolls
  A shadow imp (D:8)
  3 ufetubi
  2 worms
  3 dart slugs
  81 orcs
  5 endoplasms
  6 giant cockroaches
  6 goblins
  8 hobgoblins
  6 jackals
  5 quokkas
  A ball python (D:1)
  16 bats
  A frilled lizard (D:1)
  21 kobolds
  A rat (D:2)
588 creatures vanquished.

Vanquished Creatures (others)
  A blink frog (Lair:5)
1 creature vanquished.

Grand Total: 589 creatures vanquished

Notes
Turn   | Place    | Note
-------+----------+-------------------------------------------
     0 | D:1      | Nattfarinn the Vine Stalker Shapeshifter began the quest
                  | for the Orb.
     0 | D:1      | Reached XP level 1. HP: 11/11 MP: 2/2
   216 | D:1      | Reached XP level 2. HP: 15/15 MP: 3/3
   454 | D:1      | Reached XP level 3. HP: 18/18 MP: 4/4
   671 | D:2      | Gained mutation: Your natural rate of healing is unusually
                  | fast. [Vine Stalker growth]
   671 | D:2      | Reached XP level 4. HP: 22/23 MP: 5/5
   739 | D:2      | Noticed Sigmund
   759 | D:2      | Killed Sigmund
   760 | D:2      | Reached XP level 5. HP: 21/28 MP: 4/6
   760 | D:2      | Reached XP level 6. HP: 24/32 MP: 4/7
   847 | D:2      | Found a faded altar of an unknown god.
  1163 | D:2      | Identified the +6 scale mail "Waucsell" {rCorr}
  1411 | D:3      | Reached skill level 5 in Unarmed Combat
  1411 | D:3      | Reached skill level 4 in Shapeshifting
  1453 | D:3      | Found a radiant altar of Vehumet.
  1476 | D:3      | Found an ancient bone altar of Kikubaaqudgha.
  1510 | D:3      | Identified the +2 leather armour "Qiut Zaliu" {Int+5}
  1541 | D:3      | Reached XP level 7. HP: 36/36 MP: 6/8
  1643 | D:3      | Found a glowing drain.
  1667 | Sewer    | Entered a sewer
  1694 | Sewer    | Noticed Pargi
  1705 | Sewer    | Killed Pargi
  2527 | D:4      | Found a hide-covered altar of Uskayaw.
  2661 | D:5      | Entered Level 5 of the Dungeon
  2720 | D:4      | Became a worshipper of Uskayaw the Reveller
  2762 | D:5      | Reached * piety under Uskayaw
  2767 | D:5      | Reached ** piety under Uskayaw
  2768 | D:5      | Reached *** piety under Uskayaw
  2770 | D:5      | Gained mutation: You have razor-sharp teeth. [Vine Stalker
                  | growth]
  2770 | D:5      | Reached XP level 8. HP: 42/42 MP: 9/9
  2774 | D:5      | Reached **** piety under Uskayaw
  2786 | D:5      | Reached ***** piety under Uskayaw
  2798 | D:5      | Reached ****** piety under Uskayaw
  2844 | D:5      | Found a white marble altar of Elyvilon.
  3187 | D:6      | Reached skill level 5 in Shapeshifting
  3248 | D:6      | Noticed a manticore
  3259 | D:6      | Killed a manticore
  3260 | D:6      | Reached skill level 5 in Fighting
  3293 | D:6      | Reached XP level 9. HP: 47/47 MP: 10/10
  3868 | D:7      | Identified the +2 chain mail "Xetovi" {rN+}
  4090 | D:7      | Found a staircase to the Ecumenical Temple.
  4352 | D:8      | Reached skill level 6 in Shapeshifting
  4692 | D:8      | Found a staircase to the Lair.
  4793 | D:8      | Found an ornate altar of the Wu Jian Council.
  5151 | D:9      | Found a shimmering blue altar of Sif Muna.
  5175 | D:9      | Found an iron altar of Okawaru.
  5268 | D:9      | Noticed Pikel
  5274 | D:9      | Killed Pikel
  5275 | D:9      | Reached skill level 10 in Unarmed Combat
  5275 | D:9      | Reached XP level 10. HP: 43/53 MP: 11/11
  5388 | D:9      | Found a basalt altar of Yredelemnul.
  5456 | D:9      | Reached skill level 7 in Shapeshifting
  5829 | D:9      | Identified 2 scrolls of acquirement
  5835 | D:9      | Acquired the +1 kite shield of the Endless Allies {-Cast
                  | rC+ Str+3 Stlth+}
  5837 | D:9      | Acquired a +0 hat of see invisible
  6072 | D:10     | Entered Level 10 of the Dungeon
  6105 | D:10     | Reached skill level 1 in Shields
  6210 | D:10     | Noticed a two-headed ogre
  6214 | D:10     | Reached XP level 11. HP: 58/58 MP: 12/12
  6216 | D:10     | Killed a two-headed ogre
  6336 | D:10     | Found a blossoming altar of Fedhas.
  6378 | D:10     | Reached skill level 5 in Shields
  6392 | D:10     | Found a staircase to the Orcish Mines.
  6393 | D:10     | Noticed Psyche
  6413 | D:10     | Killed Psyche
  6413 | D:10     | Identified the +8 whip of Ru {heavy, SInv}
  7147 | D:11     | Noticed a two-headed ogre
  7165 | D:11     | Killed a two-headed ogre
  7673 | D:12     | Reached XP level 12. HP: 58/63 MP: 13/13
  7780 | D:12     | Reached skill level 10 in Shields
  8153 | Orc:1    | Entered Level 1 of the Orcish Mines
  8153 | Orc:1    | You fall into a shaft and drop 1 floor!
  8153 | Orc:2    | Entered Level 2 of the Orcish Mines
  8316 | Orc:1    | Found Wudue's Antique Weapon Shoppe.
  8327 | Orc:1    | Noticed a boulder beetle
  8343 | Orc:1    | Killed a boulder beetle
  8453 | Orc:1    | Found Tuful's Assorted Antiques.
  8461 | Orc:1    | Bought a brightly glowing jade ring for 145 gold pieces
  8461 | Orc:1    | Identified the ring "Roapu" {rF+ rN+ Int-4 Slay+2} (You
                  | bought it in a shop on level 1 of the Orcish Mines)
  8569 | Orc:1    | Noticed a soul eater
  8589 | Orc:1    | Found Xuurien's Assorted Antiques.
  8591 | Orc:1    | Found Tiubbaqu's Distillery.
  8622 | Orc:1    | Bought a potion of degeneration for 13 gold pieces
  8833 | Orc:2    | Found Puotro Boqa's Distillery.
  9009 | Orc:2    | Found Loivep's Magic Scroll Shop.
  9014 | Orc:2    | Bought a scroll of enchant armour for 97 gold pieces
  9014 | Orc:2    | Bought a scroll of identify for 26 gold pieces
  9014 | Orc:2    | Bought a scroll of identify for 26 gold pieces
  9014 | Orc:2    | Bought a scroll of fog for 52 gold pieces
  9136 | Orc:2    | Found Poozeobb's Jewellery Boutique.
  9144 | Orc:2    | Bought the ring "Ifrah" {rElec rN+ Will+} for 691 gold
                  | pieces
  9154 | Orc:2    | Found Boco's Jewellery Boutique.
  9155 | Orc:2    | Noticed a two-headed ogre
  9157 | Orc:2    | Noticed a two-headed ogre
  9157 | Orc:2    | Noticed a two-headed ogre
  9161 | Orc:2    | Killed a two-headed ogre
  9162 | Orc:2    | Noticed a two-headed ogre
  9163 | Orc:2    | Noticed an ogre mage
  9164 | Orc:2    | Noticed a two-headed ogre
  9165 | Orc:2    | Noticed a two-headed ogre
  9166 | Orc:2    | Noticed an ogre mage
  9169 | Orc:2    | Killed a two-headed ogre
  9169 | Orc:2    | HP: 2/63 [two-headed ogre/+0 giant spiked club (21)]
  9352 | Orc:2    | Killed a two-headed ogre
  9355 | Orc:2    | Killed an ogre mage
  9381 | Orc:2    | Killed a two-headed ogre
  9393 | Orc:2    | Killed an ogre mage
  9394 | Orc:2    | Reached skill level 8 in Shapeshifting
  9394 | Orc:2    | Reached XP level 13. HP: 67/67 MP: 14/14
  9494 | Orc:2    | Reached skill level 9 in Shapeshifting
  9612 | Orc:2    | Reached skill level 10 in Shapeshifting
  9670 | Orc:2    | Found a staircase to the Elven Halls.
  9691 | Orc:2    | Found Wyorauc's Assorted Antiques.
  9849 | Orc:2    | Found Usoskib's Book Shop.
  9849 | Orc:2    | Found Epheboni's Book Shoppe.
  9850 | Orc:2    | Found Yloreiko's General Store.
  9850 | Orc:2    | Found Anlaamue's Assorted Antiques.
  9860 | Orc:2    | Bought a scroll of identify for 22 gold pieces
 10055 | Orc:2    | Bought an amulet of regeneration for 450 gold pieces
 10233 | Lair:1   | Entered Level 1 of the Lair of Beasts
 10239 | Lair:1   | Reached skill level 11 in Shapeshifting
 10336 | Lair:1   | Noticed Nergalle
 10348 | Lair:1   | Killed Nergalle
 10671 | Lair:1   | Noticed a fire dragon
 10678 | Lair:1   | Killed a fire dragon
 10760 | Lair:1   | Reached skill level 12 in Shapeshifting
 10970 | Lair:1   | Noticed Urug
 10981 | Lair:1   | Killed Urug
 10982 | Lair:1   | Reached XP level 14. HP: 72/72 MP: 15/15
 11170 | Lair:2   | Identified the +6 mace of Gonynus {heavy, rC+ rN+ Int+3}
 12071 | Lair:3   | Identified the +1 spear "Gefer" {holy, rF+}
 12120 | Lair:3   | Found a staircase to the Swamp.
 12252 | Lair:3   | Found a staircase to the Snake Pit.
 12841 | Lair:3   | Reached skill level 13 in Shapeshifting
 13220 | Lair:4   | Reached skill level 1 in Spellcasting
 13228 | Lair:4   | Reached skill level 1 in Armour
 13343 | Lair:4   | Reached skill level 1 in Invocations
 13607 | Lair:4   | Found a staircase to the Slime Pits.
 14092 | Lair:5   | Entered Level 5 of the Lair of Beasts
 14149 | Lair:5   | Reached skill level 5 in Spellcasting
 14476 | Lair:5   | Reached XP level 15. HP: 75/75 MP: 27/27
 14486 | Lair:5   | Reached skill level 5 in Invocations
 14539 | Lair:5   | Found a glowing golden altar of the Shining One.
 14703 | Lair:5   | Noticed Josephine
 14711 | Lair:5   | Killed Josephine
 14960 | Lair:5   | Found the +4 Cigotuvi's embrace {Corpsefed rMiasma Drain
                  | rN+}
 15655 | D:13     | Found an iron altar of Okawaru.
 15824 | D:13     | Found a gate to the Vaults.
 15997 | D:13     | Found the ring of the Octopus King
 16030 | D:13     | Identified a ring of the Octopus King {Wiz HP+2 AC+2 EV+2
                  | SH+2}
 16720 | D:14     | Mangled by a red ugly thing

Illustrated notes

Levels and vault maps discovered:
D:1:      dpeg_arrival_boxorama, layout_rooms, reono_crystal_passage
D:2:      layout_loops_ring, hellmonk_ecumenical_altar_defaced_shrine,
          uniq_sigmund
D:3:      layout_rooms, vehumet_crystals, lemuel_crystal_altar,
          portal_sewer_entry_f
D:4:      nicolae_cairo_tiling_large_dashed, layout_basic,
          nicolae_uskayaw_dance_hall
D:5:      layout_cave_pools, mainiacjoe_overflow_tiny_flanked
D:6:      layout_rooms, serial_bayou_lagoon_a
D:7:      layout_gridville, minmay_temple_entry_from_below_b, moated_statue
D:8:      layout_cave_pods, nzn_wu_jian_contemplation, lair_entry_dummy
D:9:      layout_loops_ring, lemuel_mausoleum_altar_yredelemnul,
          mainiacjoe_overflow_large_starburst, uniq_pikel
D:10:     minmay_razor_zed, layout_small_grid, fedhas_altar_2,
          hiddenorc2_lemuel, statue_in_the_mist_lemuel, uniq_psyche
D:11:     layout_gridville
D:12:     layout_rooms
D:13:     layout_roguey, david_vaults_4, okawaru_ov_weapons_minmay
D:14:     layout_layer_cave, serial_park_tiny_1,
          einodemon_armed_red_devil_minivault
Lair:1:   dragon1_lemuel, layout_regular_city, cheibrodos_lair_reptile_den,
          uniq_urug, uniq_nergalle
Lair:2:   layout_long_grid
Lair:3:   layout_layer_cave, minmay_swamp_entry_eels,
          minmay_snake_entry_six_corridors
Lair:4:   layout_long_grid, dpeg_slime_entry_corner,
          chequers_serial_rivers_small_b, ldierk_geyser, grunt_megastairs_5
Lair:5:   minmay_lair_end_frog_pond, layout_concentric_octagons, basic_altar,
          lemuel_fruit_fields, lemuel_fruit_fields, uniq_josephine
Orc:1:    layout_caves, serial_shops, shop, shop, nicolae_shop_crystal, shop,
          rock_pile
Orc:2:    st_orc_ogre_mass, layout_diamond_mine, serial_shops, shop, shop, shop,
          nicolae_shop_window_shopping, shop

Skill      XL: |  1  2  3  4  5  6  7  8  9 10 11 12 13 14 15 |
---------------+----------------------------------------------+-----
Fighting       | 2 3 4 5 6 7 |  7.5
Unarmed Combat | 3 4 5 6 8 10 11 | 11.5
Shapeshifting  | 4 5 6 7 8 12 13 | 13.0
Shields        | 2 9 12 | 12.7
Spellcasting   | 7 8 |  8.9
Armour         | 1 |  1.2
Invocations    | 4 8 |  8.4
Dodging        | |  1.5

Action                     |  1- 3 |  4- 6 |  7- 9 | 10-12 | 13-15 || total
---------------------------+-------+-------+-------+-------+-------++-------
  Melee: Unarmed           |    53 |    73 |   287 |   380 |   612 ||  1405
         Bite              |    15 |    32 |    78 |   161 |   306 ||   592
         Punch             |     2 |     1 |    16 |     2 |       ||    21
 Invoke: Stomp             |       |       |       |     6 |     1 ||     7
         Grand Finale      |       |       |       |     2 |       ||     2
  Evoke: Wand              |       |       |       |       |     6 ||     6
    Use: Scroll            |       |       |     2 |    17 |    13 ||    32
         Potion            |       |       |       |     1 |     1 ||     2
   Stab: Paralysed         |       |       |    13 |    25 |    49 ||    87
         Petrified         |       |       |       |       |     5 ||     5
         Petrifying        |       |       |       |       |     2 ||     2
         Sleeping          |       |       |       |       |     1 ||     1
 Armour: Animal skin       |    16 |     1 |       |       |       ||    17
         Scale mail        |       |    25 |   166 |   110 |   176 ||   477
  Dodge: Dodged            |    38 |    40 |   169 |   112 |   162 ||   521
  Block: Kite shield       |       |       |       |   167 |   367 ||   534

Table legend: (Time is in decaauts)
 A = Elapsed time spent in this place.
 B = Non-inter-level travel time spent in this place.
 C = Inter-level travel time spent in this place.
 D = Time resting spent in this place.
 E = Time spent auto-exploring this place.
 F = Levels seen in this place.
 G = Mean time per level.
                   A        B        C        D        E       F      G
               +--------+--------+--------+--------+--------+-----+--------+
         Total |  16634 |  15321 |   1313 |    402 |  12053 |  22 |  756.1 |
       Dungeon |   9627 |   8698 |    929 |    136 |   6970 |  14 |  687.6 |
          Lair |   4992 |   4800 |    192 |     27 |   3975 |   5 |  998.4 |
  Orcish Mines |   1931 |   1740 |    191 |    239 |   1060 |   2 |  965.5 |
         Sewer |     82 |     82 |      0 |      0 |     48 |   1 |   82.0 |
               +--------+--------+--------+--------+--------+-----+--------+

Top non-repeatable levels by time:
  Lair:3: 1226 daAuts
   Orc:2: 1164 daAuts
    D:10: 1127 daAuts
  Lair:5: 1092 daAuts
     D:9: 1021 daAuts
  Lair:1: 929 daAuts
     D:8: 917 daAuts
  Lair:4: 887 daAuts
  Lair:2: 856 daAuts
     D:2: 786 daAuts
   Orc:1: 767 daAuts
    D:13: 759 daAuts
     D:4: 755 daAuts
     D:1: 605 daAuts
     D:7: 586 daAuts
